AoeStats
← GEvans7

Black Forest

508749490Analyzed
4v4 RM · 8d ago on Sep 23, 2026· 43m 29s· 8 players
Game mode
Random Map
Map size
Large (8 player)
Population
200
Speed
Normal
Resources
Standard
Victory
Conquest
Starting age
Dark Age
Ending age
Imperial Age
RankedLock teamsTeams togetherTeam positionsShared explorationLock speedFull tech treeHidden civsTurbo modeCheats
Victory
Defeat
🇮🇳 Persians · India
896
+13
🇨🇳 Teutons · China
855
+14
🇺🇸 Aztecs · United States
852
+14
🇹🇷 Huns · Türkiye
821
+15
🇺🇸 Danes · United States
841
-15
🇺🇸 Mongols · United States
817
-14
🇨🇦 Danes · Canada
808
-14
🇬🇧 Italians · United Kingdom
799
-13
GEvans7
0:31 Loom
13:17 Feudal Age
14:08 Horse Collar
14:24 Gold Mining
14:23 Double-Bit Axe
20:04 Castle Age
19:43 Stone Mining
20:22 Fletching
20:33 Padded Archer Armor
21:32 Stone Shaft Mining
21:00 Heavy Plow
21:15 Bow Saw
22:30 Leather Archer Armor
22:51 Bodkin Arrow
24:09 Wheelbarrow
25:25 Hand Cart
25:54 Town Watch
29:00 Town Patrol
32:36 Imperial Age
30:43 Silk Road
30:55 Ballistics
31:14 Fortified Wall
31:15 Masonry
30:47 Treadmill Crane
31:45 Murder Holes
31:41 Heated Shot
33:15 Caravan
33:47 Bracer
36:11 Two-Man Saw
35:57 Architecture
36:05 Conscription
38:37 Ring Archer Armor
39:11 Chemistry
37:56 Arrowslits
Seventh L3tter
0:30 Loom
14:04 Feudal Age
16:34 Double-Bit Axe
20:56 Castle Age
19:27 Gold Mining
19:29 Stone Mining
23:11 Wheelbarrow
24:09 Bow Saw
35:26 Imperial Age
32:59 Horse Collar
33:22 Gambesons
33:38 Squires
33:24 Arson
33:45 Scale Mail Armor
36:24 Forging
Fat Asian Dude
0:30 Loom
12:43 Feudal Age
13:16 Gold Mining
16:58 Wheelbarrow
16:17 Fletching
16:54 Horse Collar
21:15 Padded Archer Armor
26:29 Castle Age
25:50 Scale Barding Armor
26:16 Stone Mining
26:47 Forging
27:18 Bloodlines
27:52 Gold Shaft Mining
27:05 Double-Bit Axe
27:23 Heavy Plow
27:38 Husbandry
30:52 Hand Cart
Paul George
1:40 Loom
12:20 Feudal Age
13:44 Double-Bit Axe
18:34 Castle Age
22:46 Scale Mail Armor
22:12 Pikeman
22:52 Squires
27:17 Town Watch
33:58 Wheelbarrow
34:18 Caravan
35:24 Forging
35:45 Chain Mail Armor
43:38 Imperial Age
41:24 Hand Cart
41:16 Scale Barding Armor
41:47 Iron Casting
41:03 Fletching
41:14 Padded Archer Armor
41:17 Town Patrol
Toytatın Şimşeği
2:48 Loom
15:05 Feudal Age
16:04 Double-Bit Axe
22:57 Man-at-Arms
30:17 Horse Collar
34:37 Castle Age
33:34 Gold Mining
35:57 Bow Saw
35:50 Heavy Plow
36:05 Husbandry
36:53 Gold Shaft Mining
38:29 Wheelbarrow
40:57 Hand Cart
43:37 Stone Mining
小闪酱
0:34 Loom
11:34 Feudal Age
11:59 Horse Collar
12:05 Double-Bit Axe
21:33 Castle Age
31:07 Gold Mining
31:08 Stone Mining
35:49 Imperial Age
35:42 Bloodlines
36:07 Bow Saw
36:01 Heavy Plow
36:24 Forging
36:15 Cavalier
38:45 Conscription
39:32 Chemistry
38:41 Scale Barding Armor
39:16 Iron Casting
40:37 Two-Man Saw
40:09 Crenellations
40:46 Crop Rotation
43:51 Blast Furnace
43:12 Chain Barding Armor
玛尔斯
3:53 Loom
11:33 Feudal Age
13:12 Double-Bit Axe
17:30 Castle Age
15:14 Horse Collar
18:38 Wheelbarrow
23:44 Hand Cart
24:44 Bloodlines
24:41 Husbandry
26:03 Gold Mining
26:04 Stone Mining
27:47 Forging
27:43 Scale Barding Armor
28:38 Stone Shaft Mining
28:39 Gold Shaft Mining
28:18 Bow Saw
28:10 Heavy Plow
32:03 Imperial Age
31:51 Elite War Elephant
32:55 Conscription
33:52 Iron Casting
35:34 Blast Furnace
34:55 Chain Barding Armor
35:11 Crop Rotation
38:58 Plate Barding Armor
BuDrakexn
1:53 Loom
10:51 Feudal Age
11:24 Double-Bit Axe
16:03 Wheelbarrow
18:55 Castle Age
21:19 Pikeman
23:22 Bow Saw
25:32 Hand Cart
25:06 Fishing Lines
26:58 Forging
27:01 Gillnets
27:26 Scale Mail Armor
28:50 Iron Casting
27:41 Eagle Warrior
28:22 Squires
31:08 Atlatl
31:39 Chain Mail Armor
32:59 Fletching
33:12 Gold Mining
33:13 Stone Mining
33:54 Bodkin Arrow
35:11 Gold Shaft Mining
34:46 Caravan
38:11 Imperial Age
39:57 Blast Furnace
39:27 Plate Mail Armor
38:20 Elite Jaguar Warrior
38:51 Elite Jaguar Warrior
41:04 Garland Wars
41:07 Conscription
Connection lost

Rejoining the realm…

Still unreachable

The connection could not be restored.

Session expired

The server has moved on; the page needs a fresh start.